Map: New Repugnancy LE

Players

Mez

  • Race: Terran Terran
  • League: Master
  • Spawn Location: 7:00

BlackPantera - Winner!

  • Race: Protoss Protoss
  • League: Master
  • Spawn Location: 1:00

VOD

Have the link to the VOD?

Description

Time

  • Played on: Aug. 15, 2019, 4:53 p.m.
  • Length: 20:57
Show
View Real Time Build Order
Export as new Build Order

Mez Terran 

Build Orders: Reaper Expand 

Get SALT Encoding   

  12  0:00  SCV  
  13  0:12  SCV  
  14  0:17  Supply Depot  
  14  0:25  SCV  
  15  0:39  SCV  
  15  0:40  Barracks  
  16  0:44  Refinery  
  16  0:51  SCV  
  17  1:03  SCV  
  18  1:15  SCV  
  19  1:27  Reaper  
  19  1:28  Orbital Command  
  20  1:41  Command Center  
  20  1:54  Bunker, SCV  
  21  2:00  Supply Depot  
  21  2:07  Barracks Reactor  
  21  2:08  SCV  
  22  2:21  SCV  
  23  2:33  SCV  
  23  2:36  Command Center  
  24  2:48  Factory, SCV  
  25  2:56  Marine x2  
  25  2:57  Orbital Command  
  27  3:01  Refinery  
  26  3:07  SCV  
  27  3:14  Marine x2  
  29  3:21  SCV  
  29  3:25  SCV  
  31  3:33  SCV  
  32  3:34  Marine x2  
  32  3:37  SCV  
  33  3:50  SCV x2  
  33  3:52  Widow Mine  
  33  3:53  Starport  
  33  3:54  Marine  
  33  3:55  Marine  
  40  3:56  Orbital Command  
  40  4:00  Refinery  
  40  4:02  SCV x2  
  41  4:13  Widow Mine  
  41  4:14  SCV x2  
  45  4:17  Marine  
  45  4:18  Marine  
  47  4:25  SCV  
  47  4:26  SCV x2  
  50  4:31  Starport Tech Lab  
  50  4:37  Marine x2  
  52  4:39  Supply Depot  
  52  4:43  Factory Tech Lab  
  52  4:44  SCV x3  
  55  4:52  Raven  
  57  4:54  Marine x2  
  57  4:56  SCV x2  
  57  4:58  Barracks  
  61  5:01  SCV  
  61  5:02  Supply Depot  
  61  5:03  Siege Tank  
  61  5:07  Barracks  
  65  5:08  SCV  
  65  5:10  SCV  
  65  5:13  SCV  
  68  5:18  Marine  
  69  5:23  SCV x2, Marine, Supply Depot  
  69  5:25  Engineering Bay  
  69  5:26  Engineering Bay  
  69  5:28  Supply Depot  
  72  5:35  Refinery  
  72  5:36  Siege Tank  
  75  5:45  SCV x2  
  77  5:50  Starport Reactor, Orbital Command  
  77  5:53  Terran Infantry Armor Level 1, Terran Infantry Weapons Level 1  
  77  5:56  Supply Depot  
  77  5:58  Stimpack  
  77  6:00  SCV x2  
  79  6:06  Supply Depot  
  82  6:11  Supply Depot  
  82  6:13  Supply Depot  
  79  6:19  SCV, Barracks, Factory Reactor  
  79  6:20  SCV x2  
  79  6:21  Barracks  
  81  6:32  SCV x3  
  84  6:37  Marine x2, Marauder x2  
  90  6:41  Medivac x2, Supply Depot  
  90  6:44  SCV x3  
  97  6:55  Supply Depot x2  
  97  6:56  SCV x3, Marine  
  97  6:57  Combat Shield, Marine  
  102  7:01  Refinery  
  102  7:02  Refinery  
  102  7:07  Armory  
  102  7:08  Widow Mine x2, SCV x2  
  106  7:17  Barracks Reactor, Medivac, Barracks Tech Lab  
  106  7:18  Medivac  
  110  7:24  Marine  
  110  7:25  Marine, Marauder x2  
  116  7:37  Marauder  
  116  7:38  Widow Mine x2  
  116  7:42  Marine  
  123  7:46  Marauder  
  123  7:47  Medivac  
  127  7:53  SCV x3, Supply Depot  
  127  7:57  Supply Depot  
  127  7:58  Marine x3, Marauder  
  133  7:59  Marauder, Terran Infantry Weapons Level 2, Supply Depot  
  133  8:00  Marine  
  133  8:01  Terran Infantry Armor Level 2  
  133  8:05  SCV  
  139  8:07  Marine  
  140  8:16  Marine x3  
  140  8:19  Marauder  
  145  8:20  Marauder  
  145  8:24  Marine  
  145  8:25  Marauder  
  148  8:29  Barracks  
  148  8:30  Barracks  
  148  8:31  Barracks  
  148  8:33  Marine  
  148  8:34  Command Center  
  147  8:35  Medivac x2  
  147  8:36  Concussive Shells  
  147  8:41  Marauder  
  147  8:43  Marine x2  
  147  8:44  Marauder  
  147  8:47  Marauder  
  150  8:56  Starport  
  147  9:04  Marine x4, Marauder  
  147  9:05  Marauder, Medivac x2  
  147  9:08  Marauder  
  160  9:13  Supply Depot  
  160  9:16  Supply Depot x2  
  160  9:22  Marine x2  
  162  9:24  Barracks Reactor  
  162  9:25  Marine x2, Barracks Tech Lab x2  
  162  9:26  Marauder x2  
  162  9:30  Ghost Academy  
  168  9:49  Marauder x2  
  168  9:50  Marine x4, Marauder x3  
  168  9:52  Medivac x2  
  180  9:55  Starport Tech Lab  
  180  10:00  Command Center  
  180  10:10  Ghost x3  
  186  10:21  Ghost x2  
  186  10:22  Marine x5  
  195  10:33  Planetary Fortress  
  195  10:35  Missile Turret  
  195  10:38  Missile Turret  
  195  10:44  Missile Turret  
  195  10:45  Refinery x2  
  195  10:48  Fusion Core  
  195  10:56  Missile Turret  
  194  11:19  Liberator x3  
  177  11:34  Marauder x2  
  177  11:35  Ghost x2, Marine x3  
  143  12:01  Liberator  
  143  12:02  Marine, Marauder  
  143  12:03  Marine x5, Marauder x2  
  143  12:04  Marine, Marauder  
  143  12:08  Liberator x2  
  135  12:20  Hellion, Marine x4, Orbital Command  
  135  12:21  Marine x2  
  146  12:24  Command Center  
  146  12:26  Advanced Ballistics  
  149  12:31  Command Center  
  149  12:32  Command Center  
  149  12:33  Ghost x2  
  149  12:35  Marine x3  
  156  12:44  Liberator  
  156  12:45  Widow Mine x2  
  156  12:51  Liberator x2  
  160  12:55  Marine x2  
  160  12:56  Marine, Marauder x3  
  178  13:31  Ghost x2  
  178  13:32  Ghost x2  
  178  13:33  Marine x4, Marauder  
  192  13:43  Liberator x2  
  181  13:54  Marauder  
  165  13:57  Marine  
  165  13:58  Marine  
  165  14:00  Ghost x3  
  165  14:01  Marauder  
  169  14:07  Planetary Fortress  
  169  14:08  Orbital Command  
  166  14:11  Refinery x2  
  166  14:15  Medivac  
  166  14:30  SCV x3  
  169  14:38  Marine x2, Marauder x3  
  177  14:46  Marine x3, Marauder x2  
  184  14:53  Liberator  
  184  14:54  Liberator  
  184  14:56  Liberator  
  184  14:59  Marauder x2  
  175  15:02  Marine, Marauder  
  124  15:10  Marine x5, Marauder  
  132  15:29  Command Center  
  132  15:31  Starport  
  132  15:35  Starport  
  132  15:36  Liberator  
  132  15:37  Starport  
  132  15:39  Orbital Command  
  132  15:44  Missile Turret x2  
  132  15:49  Ghost  
  134  15:54  Viking  
  134  15:56  Viking  
  141  16:05  Sensor Tower  
  141  16:17  Ghost x3, Marine, Marauder  
  141  16:18  Marine x6  
  153  16:20  Viking x2  
  153  16:22  Viking  
  162  16:32  Refinery  
  162  16:35  Marine x2  
  162  16:38  Refinery  
  164  16:44  Marine x4  
  164  16:45  Marauder x2  
  164  16:46  Marauder x3  
  178  17:07  Planetary Fortress, Marauder  
  136  17:35  Marine x5  
  136  17:36  Marine x3, Marauder x2  
  111  17:47  Liberator  
  111  17:48  Liberator x2  
  99  17:53  Marine x5  
  99  17:54  Marauder x2  
  99  17:57  Marine x3  
  101  18:11  Marine x5  
  93  18:15  Marine x5, Medivac  
  82  18:29  Marine x5  
  82  18:33  Marine x5  
  85  18:45  Medivac  
  85  18:46  Marine  
  85  18:47  Marine x3, Medivac  
  85  18:48  Medivac x2  
  98  18:50  Marine x2  
  98  18:51  Marine x3  
  102  19:04  Marine x2  
  102  19:06  SCV x6  
  102  19:07  Marine  
  111  19:11  Liberator x3  
  111  19:14  Medivac  
  113  19:22  Orbital Command  
  113  19:23  Barracks Tech Lab x3  
  113  19:25  Marine  
  113  19:26  Ghost  
  113  19:27  Marine x4, Liberator  
  132  19:54  Ghost, Liberator x3  
  132  19:56  Orbital Command  
  120  20:20  Marine x5, Marauder x3  
  131  20:23  Marine  
Show
View Real Time Build Order
Export as new Build Order

BlackPantera Protoss - Winner!

Build Orders: Blink Stalkers, Chargelot Immortal 

Get SALT Encoding   

  12  0:00  Probe  
  13  0:12  Probe  
  14  0:18  Pylon  
  14  0:24  Probe  
  15  0:32  Probe  
  15  0:37  Gateway  
  15  0:40  Probe  
  16  0:45  Assimilator  
  17  0:51  Probe  
  18  1:03  Probe  
  19  1:15  Probe  
  20  1:24  Cybernetics Core  
  20  1:26  Pylon  
  20  1:27  Probe  
  20  1:29  Assimilator  
  21  1:39  Probe  
  22  1:51  Probe  
  22  1:52  Adept  
  23  1:56  Nexus  
  23  2:05  Warp Gate  
  26  2:08  Probe  
  26  2:18  Pylon  
  26  2:20  Probe  
  27  2:26  Twilight Council  
  26  2:30  Stalker  
  26  2:35  Probe  
  29  2:47  Probe  
  29  2:50  Stalker, Pylon  
  30  2:55  Blink  
  29  3:05  Probe  
  31  3:06  Probe  
  33  3:13  Probe  
  33  3:14  Probe  
  35  3:24  Gateway  
  35  3:33  Gateway  
  36  3:41  Probe x2  
  33  3:52  Pylon  
  33  3:53  Probe  
  33  3:55  Robotics Facility  
  34  3:56  Stalker  
  34  3:59  Probe  
  37  4:05  Probe  
  38  4:12  Probe  
  38  4:15  Pylon  
  39  4:17  Probe  
  39  4:19  Stalker  
  39  4:24  Probe, Pylon  
  43  4:27  Stalker  
  43  4:29  Probe  
  46  4:35  Pylon  
  46  4:36  Probe, Observer  
  47  4:38  Assimilator  
  47  4:42  Probe  
  47  4:44  Assimilator  
  49  4:51  Stalker  
  49  4:52  Stalker  
  53  4:54  Observer  
  53  4:57  Stalker  
  56  5:01  Pylon  
  56  5:07  Probe  
  56  5:08  Probe  
  56  5:13  Pylon  
  58  5:20  Probe x2  
  60  5:27  Nexus  
  60  5:28  Pylon  
  60  5:36  Forge  
  60  5:37  Forge  
  60  5:39  Protoss Ground Weapons Level 1  
  59  5:46  Observer  
  59  5:49  Protoss Ground Armor Level 1, Charge  
  60  5:50  Pylon  
  60  5:51  Probe x2  
  60  5:52  Pylon  
  62  5:59  Stalker x2  
  62  6:03  Stalker  
  68  6:12  Probe  
  69  6:23  Immortal  
  73  6:35  Gateway  
  73  6:37  Gateway  
  73  6:38  Probe  
  73  6:39  Observer, Gateway  
  75  6:40  Probe  
  75  6:47  Pylon  
  75  6:50  Zealot x2  
  75  6:52  Zealot  
  75  6:53  Observer  
  81  6:55  Probe x2  
  81  6:59  Probe  
  84  7:07  Probe  
  85  7:18  Immortal  
  85  7:20  Zealot x3  
  85  7:21  Probe  
  96  7:24  Pylon  
  96  7:28  Probe x2  
  98  7:34  Probe  
  98  7:36  Pylon  
  99  7:38  Protoss Ground Weapons Level 2  
  99  7:40  Probe x2, Protoss Ground Armor Level 2  
  101  7:44  Pylon  
  101  7:46  Probe  
  102  7:57  Immortal  
  102  7:58  Templar Archives  
  106  8:00  Probe x2  
  106  8:01  Probe, Pylon  
  109  8:08  Zealot x2  
  109  8:09  Zealot x2  
  117  8:14  Assimilator  
  117  8:25  Probe  
  112  8:31  Stalker x5  
  126  8:41  Immortal  
  126  8:50  Probe x2  
  128  9:02  Probe x2  
  130  9:16  Robotics Bay  
  130  9:17  Robotics Facility  
  130  9:20  Immortal, Gateway x2  
  130  9:23  Assimilator, Gateway  
  134  9:24  Shield Battery  
  134  9:27  Shield Battery  
  134  9:28  High Templar x5  
  144  9:33  Stalker  
  146  9:40  Psionic Storm  
  146  10:10  Zealot x5  
  146  10:11  Zealot  
  158  10:22  Pylon x3  
  158  10:23  Nexus, Pylon  
  158  10:26  Protoss Ground Weapons Level 3  
  158  10:28  Pylon  
  158  10:30  Pylon, Protoss Ground Armor Level 3  
  158  10:35  Pylon  
  158  10:37  Warp Prism  
  158  10:38  Pylon  
  158  10:43  Zealot x3  
  158  10:44  Zealot x4  
  174  10:51  Pylon  
  174  10:53  Zealot  
  174  10:54  Zealot  
  177  11:02  Probe  
  177  11:03  Probe  
  179  11:08  Probe  
  180  11:15  Zealot x3  
  183  11:19  Zealot  
  183  11:20  Zealot  
  151  11:33  High Templar x3  
  151  11:38  Archon  
  151  11:39  Zealot x4  
  163  11:43  Archon x2  
  137  11:55  Zealot x2  
  109  12:02  Zealot  
  109  12:03  Zealot x3, Archon  
  109  12:07  Zealot x3  
  97  12:14  Probe  
  97  12:15  Probe x2  
  89  12:19  Probe  
  93  12:22  Probe  
  93  12:23  Probe x2  
  93  12:24  Colossus  
  93  12:25  Extended Thermal Lance  
  96  12:31  Probe  
  96  12:34  Colossus  
  109  12:52  Probe x2  
  109  12:53  Probe  
  109  12:54  High Templar x5  
  109  12:55  High Templar x3  
  109  12:57  High Templar  
  130  13:04  Archon x2  
  130  13:05  Archon x2  
  130  13:22  Pylon, Disruptor  
  130  13:28  Zealot x3  
  130  13:29  Zealot x6  
  130  13:30  Pylon  
  151  13:36  Disruptor  
  152  13:51  Zealot x4  
  152  13:52  Zealot  
  140  13:59  Protoss Shields Level 1  
  140  14:00  Disruptor  
  137  14:23  High Templar x4  
  145  14:25  Nexus  
  145  14:28  Archon  
  145  14:29  Archon  
  145  14:30  High Templar  
  145  14:31  High Templar, Zealot  
  146  14:35  Zealot  
  146  14:36  Archon  
  150  14:45  Probe x3, Pylon  
  153  14:52  Zealot x2  
  157  14:57  Probe  
  108  15:11  Zealot x6  
  108  15:12  Probe  
  121  15:17  High Templar x3  
  127  15:27  Disruptor x2  
  127  15:32  Pylon  
  127  15:39  Assimilator  
  133  15:45  Assimilator  
  133  15:46  High Templar  
  135  15:52  Zealot x2  
  135  15:53  Zealot x3  
  135  15:54  High Templar x2  
  149  16:03  Stalker  
  151  16:19  Gateway  
  151  16:20  Zealot x5  
  151  16:21  Gateway  
  151  16:22  High Templar, Gateway  
  162  16:42  Stalker x2  
  162  16:48  Zealot x2  
  162  16:49  Zealot x4  
  169  16:59  Stalker  
  168  17:07  Zealot  
  168  17:08  Zealot  
  156  17:18  Colossus  
  117  17:41  Zealot  
  117  17:42  Zealot x6  
  117  17:43  Zealot x4  
  112  17:59  Zealot  
  112  18:05  Zealot x4  
  109  18:06  Zealot x4  
  109  18:11  Colossus  
  121  18:14  Colossus  
  115  18:54  Stalker  
  115  18:55  Stalker x5  
  121  18:56  Stalker x2  
  131  19:08  Nexus  
  131  19:12  Pylon  
  131  19:20  High Templar x5, Warp Prism  
  131  19:21  High Templar x2  
  131  19:23  Pylon  
  145  19:24  Archon  
  145  19:25  Archon x2  
  145  19:26  High Templar  
  145  19:27  High Templar  
  151  19:33  Probe x2  
  151  19:35  Probe  
  154  19:39  High Templar  
  154  19:40  Probe  
  157  19:45  Probe  
  140  20:22  Probe x3  
  140  20:23  Probe  
  140  20:28  Zealot x3  
  148  20:29  Zealot x4  
  148  20:30  Zealot x3  
Tags
 
Add a new tag
Caveats
  • Supply blocks, unpowered buildings, or Contaminate may cause inaccurate times.
  • Supply counts are checked every 10 seconds.